 Dungeon Crawl Stone Soup version 0.27.1-4-g1640c2035a (webtiles) character file.

Game seed: 8338239603015546373

66 Gabide the Charlatan (level 4, -2/33 HPs)
             Began as a Human Artificer on Nov 4, 2021.
             Killed from afar by Sigmund (11 damage)
             ... with a puff of flame
             ... on level 2 of the Dungeon.
             The game lasted 00:05:17 (2207 turns).

Gabide the Charlatan (Human Artificer)              Turns: 2207, Time: 00:05:18

Health: -2/33      AC:  3    Str: 13      XL:     4   Next: 37%
Magic:  4/4        EV: 11    Int: 10 (11) God:
Gold:   78         SH:  0    Dex: 14      Spells: 3/3 levels left

rFire    . . .     SeeInvis .   a - +0 club
rCold    . . .     Faith    .   (no shield)
rNeg     . . .     Spirit   .   b - +0 leather armour
rPois    .         Reflect  .   (no helmet)
rElec    .         Harm     .   (no cloak)
rCorr    +         Rampage  .   (no gloves)
Will     .....                  (no boots)
Stlth    +.........             (no amulet)
HPRegen  0.11/turn              g - ring of resist corrosion
MPRegen  0.09/turn              (no ring)

@: no status effects
A: no striking features
a: no special abilities


You were on level 2 of the Dungeon.
You visited 1 branch of the dungeon, and saw 2 of its levels.

You collected 78 gold pieces.

Inventory:

Hand Weapons
 a - a +0 club (weapon)
Armour
 b - a +0 leather armour (worn)
Jewellery
 g - a ring of resist corrosion (left hand)
Wands
 c - a wand of flame (2)
 d - a wand of charming (15)
Scrolls
 k - a scroll of vulnerability {unknown}
Potions
 h - a potion of lignification
Miscellaneous
 e - a piece from Xom's chessboard (13/15) (quivered)


   Skills:
 * Level 1.8 Fighting
 + Level 1.0 Maces & Flails
 + Level 2.5 Armour
 * Level 1.7 Dodging
 - Level 1.0 Stealth
 + Level 3.7 Evocations


You had 3 spell levels left.
You didn't know any spells.
Your spell library contained the following spells:

 Spells                   Type           Power      Damage    Failure   Level
 Corpse Rot               Necr/Air       N/A        N/A       58%         2
 Poisonous Vapours        Pois/Air       0%         N/A       58%         2
 Freezing Cloud           Conj/Ice/Air   0%         6-21      100%        5


Dungeon Overview and Level Annotations

Branches:
Dungeon (2/15)

Altars:
Sif Muna

Annotations:
D:2 Sigmund


Message History

You are too confused!
You bump into the rock wall.
Sigmund gestures at you while chanting. The puff of flame hits you!
Sigmund points at you and mumbles some strange words.
You are more confused.
Sigmund barely misses you.
You closely miss Sigmund. Sigmund hits you with a +0 scythe.
You're too confused to move!
Sigmund zaps a wand.
The puff of flame hits you.
You feel less confused.
You make a move on Xom's chessboard...
Sigmund struggles to resist.
Sigmund says, "Look into my eyes."
Sigmund hits you from afar with a +0 scythe.
You make a move on Xom's chessboard...
Sigmund flickers and vanishes!
Deactivating autopickup; reactivate with Ctrl-A.
Something hits you.
It was a potion of heal wounds.
You feel much better.
A magic dart appears from out of thin air!
The magic dart hits you!
You hear a zap.
A puff of flame appears from out of thin air!
The puff of flame hits you!
Aiming: Throw Flame
Press: ? - help, Shift-Dir - straight line The puff of flame hits something!
Found a stone staircase leading up.
A magic dart appears from out of thin air!
The magic dart hits you.
Aiming: Throw Flame
Press: ? - help, Shift-Dir - straight line The puff of flame hits something!
You hear a zap.
A puff of flame appears from out of thin air!
The puff of flame hits you!
* * * LOW HITPOINT WARNING * * *
You feel better.
You hear a zap.
A puff of flame appears from out of thin air!
The puff of flame hits you!
You die...

......... #..###..# #.#
#< #..# #..#........
#..# #..#.....#.#
#..###..#.#.#.#.###
........# ........
.##.##..# #.#.#.######..
#.#.##..###.#...........
.#..............@..#
###.##.....{....####
.#..###.....#####
#.......###.# #########
#... #.### ###


There were no monsters in sight!

Vanquished Creatures
  4 adders (D:2)
  3 endoplasms
  2 giant cockroaches
  2 goblins (D:1)
  5 hobgoblins
  3 kobolds
  4 ball pythons
  A bat (D:1)
  2 frilled lizards
  4 rats
30 creatures vanquished.

Notes
Turn   | Place    | Note
-------+----------+-------------------------------------------
     0 | D:1      | Gabide the Human Artificer began the quest for the Orb.
     0 | D:1      | Reached XP level 1. HP: 15/15 MP: 1/1
   461 | D:1      | Found a faded altar of an unknown god.
   471 | D:1      | Reached XP level 2. HP: 21/21 MP: 2/2
   473 | D:1      | Became a worshipper of Sif Muna the Loreminder
   473 | D:1      | Reached * piety under Sif Muna
   474 | D:1      | Fell from the grace of Sif Muna
  1021 | D:2      | Reached XP level 3. HP: 24/26 MP: 3/3
  1332 | D:2      | Reached XP level 4. HP: 26/32 MP: 4/4
  1458 | D:2      | Found Visiwn's Antique Weapon Shoppe.
  1809 | D:2      | Reached skill level 1 in Maces & Flails
  2170 | D:2      | Noticed Sigmund
  2206 | D:2      | HP: 1/33 [something/puff of flame (12)]
  2207 | D:2      | Killed from afar by Sigmund

Illustrated notes

Levels and vault maps discovered:
D:1:      nicolae_arrival_somewhat_less_tricky_arrival, layout_rooms,
          shapermc_ecumenical_altar_starsandcircs
D:2:      layout_basic, serial_shops, shop, minmay_tripent, uniq_sigmund

Skill      XL: |  1  2  3  4 |
---------------+-------------+-----
Maces & Flails | 1 |  1.0
Fighting       | |  1.8
Armour         | |  2.5
Dodging        | |  1.7
Stealth        | |  1.0
Evocations     | |  3.7

Action                   |  1- 3 |  4- 6 || total
-------------------------+-------+-------++-------
Melee: Club              |    69 |    39 ||   108
Invok: Renounce Religion |     1 |       ||     1
Evoke: Wand              |    10 |     3 ||    13
       Piece from Xom's  |       |     2 ||     2
  Use: Scroll            |     1 |     1 ||     2
       Potion            |       |     2 ||     2
 Stab: Sleeping          |     1 |       ||     1
Armor: Leather armour    |    33 |    11 ||    44
Dodge: Dodged            |    55 |    37 ||    92
